IceHogs vs Little Stars
(R1)
Created - April 26, 2021 at 19:18
Goals
|
IceHogs |
1 |
2 |
0 |
0 |
2 |
4 |
Little Stars |
1 |
2 |
0 |
0 |
0 |
3 |
|
Shots
|
IceHogs |
16 |
5 |
18 |
2 |
3 |
41 |
Little Stars |
13 |
13 |
7 |
4 |
2 |
37 |
|
1st period
1. IceHogs , Mattias Janmark 16 (Sam Reinhart 22, Curtis Lazar 10) at 2:10
2. Little Stars , Scott Kosmachuck 49 (Dana Tyrell 66, Jesse Joensuu 71) at 10:57 (PP)
Penalties :
Patrick Sieloff (Roc) for Holding (Minor) at 10:41, Sebastian Wannstrom (Tex) for Interference (Minor) at 14:51
2nd period
3. Little Stars , Dana Tyrell 31 (Scott Kosmachuck 64) at 7:54 (PP)
4. IceHogs , Curtis Lazar 9 (Mattias Janmark 13) at 10:30
5. IceHogs , Stefan Matteau 36 (Martins Karsums 30, Patrick Sieloff 11) at 19:15
6. Little Stars , Patrick Wiercioch 8 (Tyler Wotherspoon 42, Ilya Mikheyev 33) at 19:25
Penalties :
Stefan Matteau (Roc) for Roughing (Minor) at 3:39, Patrick Wiercioch (Tex) for Hooking (Minor) at 3:42, Tanner Richard (Roc) for Holding (Minor) at 7:46, Ben Harpur (Roc) for Hooking (Minor) at 17:00, Dana Tyrell (Tex) for Interference (Minor) at 19:44
3rd period
No Goal
Penalties :
Patrick Sieloff (Roc) for High sticking (Minor) at 2:23, Dustin Tokarski (Tex) for Slashing (Minor) at 5:40 - Ilya Mikheyev served the penalty, Petter Granberg (Roc) for Roughing (Minor) at 6:21
Overtime #1
No Goal
Penalties :
No Penalty
Shootout
IceHogs, Martins Karsums - Goal!
Little Stars, Dana Tyrell - Shot Misses the Net
IceHogs, Stefan Matteau - Shot Misses the Net
Little Stars, Evgeny Kuznetsov - Shot Misses the Net
IceHogs, Michael Chaput - Goal!
Penalties :
No Penalty
Goalie Stats
Joe Cannata (Roc), 34 saves from 37 shots - (0.919), W, 29-18-5, 65:00 minutes
Dustin Tokarski (Tex), 38 saves from 41 shots - (0.927), OTL, 20-16-2, 65:00 minutes
Players Stats for IceHogs
Player Name G A P +/- PIM S H SB GA TA FO MP PP MP PK MP
------------------------------------------------------------------------------------
Ben Harpur 0 0 0 0 2 2 0 3 0 2 0/0 30:44 3:08 2:01
Craig Cunningham 0 0 0 -1 0 2 1 1 1 0 0/0 20:31 2:01 1:57
Curtis Lazar 1 1 2 2 0 2 0 0 0 1 2/4 7:02 0:00 0:00
Julius Honka 0 0 0 1 0 0 0 2 0 0 0/0 11:26 0:00 0:56
Martins Karsums 0 1 1 1 0 4 0 1 0 0 3/12 26:26 2:41 2:50
Mattias Janmark 1 1 2 2 0 2 0 0 0 0 0/0 7:02 0:00 0:00
Michael Chaput 0 0 0 0 0 3 1 2 0 0 9/27 20:47 2:41 0:46
Mike Reilly 0 0 0 2 0 2 1 0 0 0 0/0 23:09 1:34 2:13
Mikhail Grigorenko 0 0 0 0 0 1 1 0 0 0 4/7 13:15 0:03 1:38
Nick Mattson 0 0 0 1 0 3 3 0 0 0 0/0 22:33 1:34 1:53
Oliver Bjorkstrand 0 0 0 -1 0 4 2 0 0 0 0/0 15:00 1:58 0:00
Patrick Sieloff 0 1 1 2 4 2 0 2 0 0 0/0 12:44 0:00 0:55
Petter Granberg 0 0 0 -1 2 2 2 4 0 0 0/0 30:07 3:07 2:14
Rhett Rakhshani 0 0 0 0 0 3 2 0 0 1 0/0 11:31 0:00 0:02
Sam Reinhart 0 1 1 2 0 2 0 0 0 0 1/1 7:02 0:00 0:00
Stefan Matteau 1 0 1 1 2 4 4 0 1 0 1/2 25:25 2:44 2:45
Tanner Richard 0 0 0 -1 2 2 0 1 0 0 7/11 14:59 1:58 0:00
Teemu Pulkkinen 0 0 0 0 0 1 2 1 4 0 1/1 11:51 0:00 0:14
Players Stats for Little Stars
Player Name G A P +/- PIM S H SB GA TA FO MP PP MP PK MP
------------------------------------------------------------------------------------
Adam Tambellini 0 0 0 1 0 1 2 0 0 0 0/0 16:03 2:21 0:00
Anton Cederholm 0 0 0 -1 0 0 1 1 0 0 0/0 23:02 2:01 1:36
Dana Tyrell 1 1 2 -1 2 7 3 0 0 0 23/29 25:22 2:46 1:55
Daniel O'regan 0 0 0 -1 0 2 0 1 0 1 3/9 13:59 0:00 1:04
Eric Knodel 0 0 0 -1 0 0 2 2 0 1 0/0 23:02 2:01 1:36
Evgeny Kuznetsov 0 0 0 1 0 3 3 1 0 0 8/19 18:28 2:20 0:56
Ilya Mikheyev 0 1 1 1 0 0 2 0 1 0 1/2 14:40 2:21 0:00
Jesse Joensuu 0 1 1 -1 0 7 2 0 0 0 1/3 25:40 2:35 3:09
Joakim Nygard 0 0 0 -1 0 3 1 1 1 0 0/0 13:29 0:10 0:44
Michael Mersch 0 0 0 -1 0 2 2 0 0 0 0/0 7:03 0:10 0:03
Patrick Wiercioch 1 0 1 1 2 2 0 2 0 1 0/0 28:54 3:04 3:03
Reece Willcox 0 0 0 -2 0 0 0 2 0 0 0/0 12:10 0:00 0:00
Roman Horak 0 0 0 -1 0 2 1 0 1 0 0/2 7:24 0:00 0:47
Scott Kosmachuck 1 1 2 -1 0 6 1 0 0 0 1/1 21:15 2:35 0:46
Sebastian Wannstrom 0 0 0 -1 2 0 2 1 0 0 0/0 11:45 0:00 0:00
Tucker Poolman 0 0 0 -2 0 0 3 1 0 1 0/0 13:20 0:00 0:03
Tyler Wotherspoon 0 1 1 1 0 2 2 4 1 1 0/0 29:48 3:05 3:06
Zach Budish 0 0 0 -1 0 0 0 0 0 1 0/0 6:37 0:00 0:00
3 Stars
1 - Mattias Janmark (Roc)
2 - Curtis Lazar (Roc)
3 - Stefan Matteau (Roc)
Power Play
IceHogs - 0 on 4 Attempt(s) - 0.00%
Little Stars - 2 on 6 Attempt(s) - 33.33%
Penalty Kill
IceHogs - 4 on 6 Attempt(s) - 66.67%
- Score 0 goal in Penalty Kill
Little Stars - 4 on 4 Attempt(s) - 100.00%
- Score 0 goal in Penalty Kill
Team Stat
IceHogs - Hits : 19 - Faceoff Wins : 28 - Blocked Shots : 17 - Penalty Minutes : 12
Little Stars - Hits : 27 - Faceoff Wins : 37 - Blocked Shots : 16 - Penalty Minutes : 8
Official
Referees : Unknown
Linesman : Unknown
Game Notes
No Game Note
Finance
Level 1 -- Attendance: 1349 (67.45%) -- Ticket Income $53,960
Level 2 -- Attendance: 720 (72.00%) -- Ticket Income $14,400
Total Attendance: 2069 (68.97%)
Total Ticket Income: $68,360
Other Income: $3,418
Total Income: $71,778
IceHogs
5 vs 5 Forward
Center Left Wing Right Wing Time % Phy DF OF
1 Michael Chaput Stefan Matteau Martins Karsums 40 1 2 2
2 Tanner Richard Craig Cunningham Oliver Bjorkstrand 30 1 2 2
3 Mikhail Grigorenko Teemu Pulkkinen Rhett Rakhshani 20 1 2 2
4 Curtis Lazar Mattias Janmark Sam Reinhart 10 1 2 2
5 vs 5 Defense
Defense Defense Time % Phy DF OF
1 Petter Granberg Ben Harpur 40 1 2 2
2 Nick Mattson Mike Reilly 30 1 2 2
3 Patrick Sieloff Julius Honka 20 1 2 2
4 Petter Granberg Ben Harpur 10 1 2 2
PowerPlay Forward
Center Left Wing Right Wing Time % Phy DF OF
1 Michael Chaput Stefan Matteau Martins Karsums 60 1 2 2
2 Tanner Richard Craig Cunningham Oliver Bjorkstrand 40 1 2 2
PowerPlay Defense
Defense Defense Time % Phy DF OF
1 Petter Granberg Ben Harpur 60 1 2 2
2 Nick Mattson Mike Reilly 40 1 2 2
Penalty Kill 4 Players Forward
Center Wing Time % Phy DF OF
1 Martins Karsums Stefan Matteau 60 1 2 2
2 Michael Chaput Craig Cunningham 40 1 2 2
Penalty Kill 4 Players Defense
Defense Defense Time % Phy DF OF
1 Petter Granberg Ben Harpur 60 1 2 2
2 Nick Mattson Mike Reilly 40 1 2 2
Penalty Kill - 3 Players Forward
Forward Time % Phy DF OF
1 Martins Karsums 60 1 2 2
2 Stefan Matteau 40 1 2 2
Penalty Kill - 3 Players Defense
Defense Defense Time % Phy DF OF
1 Petter Granberg Ben Harpur 60 1 2 2
2 Nick Mattson Mike Reilly 40 1 2 2
4 vs 4 Forward
Center Wing Time % Phy DF OF
1 Martins Karsums Stefan Matteau 60 1 2 2
2 Michael Chaput Craig Cunningham 40 1 2 2
4 vs 4 Defense
Defense Defense Time % Phy DF OF
1 Petter Granberg Ben Harpur 60 1 2 2
2 Nick Mattson Mike Reilly 40 1 2 2
Last Minutes Offensive
Center Left Wing Right Wing Defense Defense
Michael Chaput Stefan Matteau Martins Karsums Petter Granberg Ben Harpur
Last Minutes Defensive
Center Left Wing Right Wing Defense Defense
Michael Chaput Stefan Matteau Martins Karsums Petter Granberg Ben Harpur
Goaltenders
Starting : Joe Cannata
Backup : Mackenzie Blackwood
Extra Forwards
Normal : Teemu Pulkkinen, Rhett Rakhshani, Mikhail Grigorenko - PP : Teemu Pulkkinen, Rhett Rakhshani - PK : Mikhail Grigorenko
Extra Defensemen
Normal : Patrick Sieloff, Julius Honka, Nick Mattson - PP : Patrick Sieloff - PK : Julius Honka, Nick Mattson
Penalty Shots
Martins Karsums, Stefan Matteau, Michael Chaput, Craig Cunningham, Teemu Pulkkinen
Scratches
Ross Johnston (Healthy), Patrick Russell (Healthy), Myles Bell (Healthy), Zach Whitecloud (Healthy), Nick Paul (Healthy)
Kurtis Gabriel (Healthy), Duncan Siemens (Healthy), Calle Andersson (Healthy), Clark Bishop (Healthy), Nikita Scherbak (Healthy)
JJ. Piccinich (Healthy), Michael Giugovaz (Healthy)
Little Stars
5 vs 5 Forward
Center Left Wing Right Wing Time % Phy DF OF
1 Dana Tyrell Jesse Joensuu Scott Kosmachuck 40 1 2 2
2 Evgeny Kuznetsov Adam Tambellini Ilya Mikheyev 30 1 2 2
3 Daniel O'regan Joakim Nygard Sebastian Wannstrom 20 1 2 2
4 Roman Horak Michael Mersch Zach Budish 10 1 2 2
5 vs 5 Defense
Defense Defense Time % Phy DF OF
1 Tyler Wotherspoon Patrick Wiercioch 40 1 2 2
2 Anton Cederholm Eric Knodel 30 1 2 2
3 Tucker Poolman Reece Willcox 20 1 2 2
4 Tyler Wotherspoon Patrick Wiercioch 10 1 2 2
PowerPlay Forward
Center Left Wing Right Wing Time % Phy DF OF
1 Dana Tyrell Jesse Joensuu Scott Kosmachuck 60 0 2 3
2 Evgeny Kuznetsov Adam Tambellini Ilya Mikheyev 40 0 2 3
PowerPlay Defense
Defense Defense Time % Phy DF OF
1 Tyler Wotherspoon Patrick Wiercioch 60 0 2 3
2 Anton Cederholm Eric Knodel 40 0 2 3
Penalty Kill 4 Players Forward
Center Wing Time % Phy DF OF
1 Dana Tyrell Jesse Joensuu 60 0 3 2
2 Evgeny Kuznetsov Scott Kosmachuck 40 0 3 2
Penalty Kill 4 Players Defense
Defense Defense Time % Phy DF OF
1 Tyler Wotherspoon Patrick Wiercioch 60 0 3 2
2 Anton Cederholm Eric Knodel 40 0 3 2
Penalty Kill - 3 Players Forward
Forward Time % Phy DF OF
1 Dana Tyrell 60 0 3 2
2 Evgeny Kuznetsov 40 0 3 2
Penalty Kill - 3 Players Defense
Defense Defense Time % Phy DF OF
1 Tyler Wotherspoon Patrick Wiercioch 60 0 3 2
2 Anton Cederholm Eric Knodel 40 0 3 2
4 vs 4 Forward
Center Wing Time % Phy DF OF
1 Dana Tyrell Jesse Joensuu 60 0 2 3
2 Evgeny Kuznetsov Scott Kosmachuck 40 0 2 3
4 vs 4 Defense
Defense Defense Time % Phy DF OF
1 Tyler Wotherspoon Patrick Wiercioch 60 0 2 3
2 Anton Cederholm Eric Knodel 40 0 2 3
Last Minutes Offensive
Center Left Wing Right Wing Defense Defense
Dana Tyrell Jesse Joensuu Scott Kosmachuck Tyler Wotherspoon Patrick Wiercioch
Last Minutes Defensive
Center Left Wing Right Wing Defense Defense
Dana Tyrell Jesse Joensuu Scott Kosmachuck Tyler Wotherspoon Patrick Wiercioch
Goaltenders
Starting : Dustin Tokarski
Backup : Connor Knapp
Extra Forwards
Normal : Evgeny Kuznetsov, Adam Tambellini, Daniel O'regan - PP : Joakim Nygard, Michael Mersch - PK : Daniel O'regan
Extra Defensemen
Normal : Tucker Poolman, Anton Cederholm, Eric Knodel - PP : Tucker Poolman - PK : Anton Cederholm, Eric Knodel
Penalty Shots
Dana Tyrell, Evgeny Kuznetsov, Jesse Joensuu, Scott Kosmachuck, Adam Tambellini
Scratches
Lawrence Pilut (Healthy), Justin Auger (Healthy), Rudolfs Balcers (Healthy), Yakov Trenin (Healthy), Jean-Christophe Beaudin (Healthy)
Ville Pokka (Healthy), Daniil Tarasov (Healthy), Jason Dickinson (Healthy), Emile Poirier (Healthy), Shane Gersich (Healthy)
Radel Fazleev (Healthy), Julien Nantel (Healthy), Peter Delmas (Healthy)
% Time on Ice - IceHogs
Lines # - Real PCT - Wanted PCT - Time Play
Normal Forward
1 - 36% - 40% - 17:02
2 - 28% - 30% - 13:07
3 - 21% - 20% - 9:47
4 - 15% - 10% - 7:02
Normal Defense
1 - 41% - 40% - 19:28
2 - 33% - 30% - 15:34
3 - 22% - 20% - 10:20
4 - 3% - 10% - 1:36
PP Forward
1 - 58% - 60% - 2:44
2 - 42% - 40% - 1:58
PP Defense
1 - 67% - 60% - 3:08
2 - 33% - 40% - 1:34
PK Forward
1 - 85% - 60% - 4:20
2 - 15% - 40% - 0:46
PK Defense
1 - 64% - 60% - 3:16
2 - 36% - 40% - 1:50
PK3 Forward
1 - 0% - 60%
2 - 0% - 40%
PK3 Defense
1 - 0% - 60%
2 - 0% - 40%
44 Forward
1 - 77% - 60% - 6:19
2 - 23% - 40% - 1:55
44 Defense
1 - 57% - 60% - 4:42
2 - 43% - 40% - 3:32
Last Minute Offensive - 0:00
Last Minute Defensive - 0:00
Total
Forward - 65:00
Defense - 65:00
|
% Time on Ice - Little Stars
Lines # - Real PCT - Wanted PCT - Time Play
Normal Forward
1 - 36% - 40% - 16:45
2 - 25% - 30% - 11:55
3 - 25% - 20% - 11:41
4 - 14% - 10% - 6:37
Normal Defense
1 - 36% - 40% - 17:05
2 - 34% - 30% - 15:49
3 - 26% - 20% - 12:10
4 - 4% - 10% - 1:54
PP Forward
1 - 54% - 60% - 2:46
2 - 46% - 40% - 2:20
PP Defense
1 - 60% - 60% - 3:05
2 - 40% - 40% - 2:01
PK Forward
1 - 84% - 60% - 3:56
2 - 16% - 40% - 0:46
PK Defense
1 - 66% - 60% - 3:06
2 - 34% - 40% - 1:36
PK3 Forward
1 - 0% - 60%
2 - 0% - 40%
PK3 Defense
1 - 0% - 60%
2 - 0% - 40%
44 Forward
1 - 73% - 60% - 6:00
2 - 27% - 40% - 2:14
44 Defense
1 - 56% - 60% - 4:38
2 - 44% - 40% - 3:36
Last Minute Offensive - 0:00
Last Minute Defensive - 0:00
Total
Forward - 65:00
Defense - 65:00
|
Play-by-Play
1st period
0:01 of 1st period - Dana Tyrell wins face-off versus Michael Chaput in neutral zone.
0:18 of 1st period - Martins Karsums is hit by Dana Tyrell and loses puck.
1:12 of 1st period - Snap shot by Martins Karsums.
1:12 of 1st period - Stopped by Dustin Tokarski with a rebound.
1:14 of 1st period - Wrist shot by Martins Karsums.
1:14 of 1st period - Deflect By Stefan Matteau.
1:14 of 1st period - Deflect By Tyler Wotherspoon.
1:14 of 1st period - Stopped by Dustin Tokarski without a rebound.
1:15 of 1st period - Tanner Richard wins face-off versus Evgeny Kuznetsov in Little Stars zone.
1:20 of 1st period - Wrist shot by Oliver Bjorkstrand.
1:20 of 1st period - Stopped by Dustin Tokarski without a rebound.
1:21 of 1st period - Tanner Richard wins face-off versus Evgeny Kuznetsov in Little Stars zone.
1:52 of 1st period - Snap shot by Daniel O'regan.
1:52 of 1st period - Stopped by Joe Cannata with a rebound.
2:08 of 1st period - Snap shot by Sam Reinhart.
2:08 of 1st period - Stopped by Dustin Tokarski with a rebound.
2:10 of 1st period - Snap shot by Mattias Janmark.
2:10 of 1st period - Goal by Mattias Janmark - IceHogs : 1 - Little Stars : 0.
2:11 of 1st period - Evgeny Kuznetsov wins face-off versus Tanner Richard in neutral zone.
2:20 of 1st period - Snap shot by Adam Tambellini.
2:20 of 1st period - Shot Blocked by Tanner Richard.
2:22 of 1st period - Slapshot by Reece Willcox.
2:22 of 1st period - Shot Blocked by Patrick Sieloff.
2:24 of 1st period - Snap shot by Evgeny Kuznetsov.
2:24 of 1st period - Shot Blocked by Julius Honka.
3:03 of 1st period - Slapshot by Oliver Bjorkstrand.
3:03 of 1st period - Shot Misses the Net.
3:05 of 1st period - Slapshot by Mike Reilly.
3:05 of 1st period - Shot Misses the Net.
3:07 of 1st period - Slapshot by Nick Mattson.
3:07 of 1st period - Shot Blocked by Reece Willcox.
3:09 of 1st period - Slapshot by Mike Reilly.
3:09 of 1st period - Shot Misses the Net.
3:11 of 1st period - Snap shot by Craig Cunningham.
3:11 of 1st period - Shot Misses the Net.
3:17 of 1st period - Snap shot by Oliver Bjorkstrand.
3:17 of 1st period - Shot Misses the Net.
3:24 of 1st period - Wrist shot by Craig Cunningham.
3:24 of 1st period - Shot Blocked by Tucker Poolman.
3:30 of 1st period - Snap shot by Oliver Bjorkstrand.
3:30 of 1st period - Shot Misses the Net.
3:32 of 1st period - Backhand shot by Patrick Sieloff.
3:32 of 1st period - Stopped by Dustin Tokarski with a rebound.
3:42 of 1st period - Wrist shot by Craig Cunningham.
3:42 of 1st period - Shot Misses the Net.
3:44 of 1st period - Slapshot by Tanner Richard.
3:44 of 1st period - Stopped by Dustin Tokarski with a rebound.
3:48 of 1st period - Snap shot by Oliver Bjorkstrand.
3:48 of 1st period - Shot Blocked by Reece Willcox.
4:10 of 1st period - Snap shot by Oliver Bjorkstrand.
4:10 of 1st period - Shot Misses the Net.
4:53 of 1st period - Wrist shot by Oliver Bjorkstrand.
4:53 of 1st period - Shot Misses the Net.
5:03 of 1st period - Snap shot by Craig Cunningham.
5:03 of 1st period - Shot Misses the Net.
5:05 of 1st period - Slapshot by Mike Reilly.
5:05 of 1st period - Stopped by Dustin Tokarski without a rebound.
5:06 of 1st period - Dana Tyrell wins face-off versus Michael Chaput in Little Stars zone.
5:06 of 1st period - Dana Tyrell is hit by Stefan Matteau.
5:16 of 1st period - Snap shot by Dana Tyrell.
5:16 of 1st period - Stopped by Joe Cannata with a rebound.
5:18 of 1st period - Slapshot by Tyler Wotherspoon.
5:18 of 1st period - Stopped by Joe Cannata with a rebound.
5:20 of 1st period - Snap shot by Dana Tyrell.
5:20 of 1st period - Stopped by Joe Cannata with a rebound.
5:36 of 1st period - Snap shot by Roman Horak.
5:36 of 1st period - Shot Blocked by Ben Harpur.
5:44 of 1st period - Wrist shot by Martins Karsums.
5:44 of 1st period - Stopped by Dustin Tokarski with a rebound.
5:46 of 1st period - Snap shot by Michael Chaput.
5:46 of 1st period - Stopped by Dustin Tokarski without a rebound.
5:47 of 1st period - Mikhail Grigorenko wins face-off versus Evgeny Kuznetsov in Little Stars zone.
5:54 of 1st period - Slapshot by Evgeny Kuznetsov.
5:54 of 1st period - Stopped by Joe Cannata with a rebound.
7:04 of 1st period - Snap shot by Evgeny Kuznetsov.
7:04 of 1st period - Shot Misses the Net.
8:07 of 1st period - Michael Chaput is hit by Ilya Mikheyev and loses puck.
9:15 of 1st period - Nick Mattson is hit by Evgeny Kuznetsov and loses puck.
9:34 of 1st period - Curtis Lazar is hit by Michael Mersch and loses puck.
10:41 of 1st period - Minor Penalty to Patrick Sieloff for Holding.
10:42 of 1st period - Dana Tyrell wins face-off versus Martins Karsums in IceHogs zone.
10:51 of 1st period - Slapshot by Jesse Joensuu.
10:51 of 1st period - Stopped by Joe Cannata with a rebound.
10:53 of 1st period - Wrist shot by Jesse Joensuu.
10:53 of 1st period - Stopped by Joe Cannata with a rebound.
10:55 of 1st period - Wrist shot by Dana Tyrell.
10:55 of 1st period - Shot Blocked by Petter Granberg.
10:57 of 1st period - Wrist shot by Scott Kosmachuck.
10:57 of 1st period - Goal by Scott Kosmachuck - IceHogs : 1 - Little Stars : 1.
10:58 of 1st period - Dana Tyrell wins face-off versus Michael Chaput in neutral zone.
11:07 of 1st period - Snap shot by Dana Tyrell.
11:07 of 1st period - Stopped by Joe Cannata with a rebound.
11:09 of 1st period - Slapshot by Tyler Wotherspoon.
11:09 of 1st period - Shot Blocked by Michael Chaput.
11:11 of 1st period - Snap shot by Jesse Joensuu.
11:11 of 1st period - Stopped by Joe Cannata with a rebound.
11:23 of 1st period - Ilya Mikheyev is hit by Rhett Rakhshani and loses puck.
11:50 of 1st period - Tanner Richard is hit by Joakim Nygard and loses puck.
12:23 of 1st period - Julius Honka is hit by Tucker Poolman and loses puck.
12:42 of 1st period - Wrist shot by Craig Cunningham.
12:42 of 1st period - Stopped by Dustin Tokarski with a rebound.
12:48 of 1st period - Patrick Sieloff is hit by Eric Knodel and loses puck.
13:09 of 1st period - Julius Honka is hit by Sebastian Wannstrom.
13:28 of 1st period - Wrist shot by Teemu Pulkkinen.
13:28 of 1st period - Shot Misses the Net.
13:30 of 1st period - Snap shot by Rhett Rakhshani.
13:30 of 1st period - Deflect By Teemu Pulkkinen.
13:30 of 1st period - Stopped by Dustin Tokarski with a rebound.
13:34 of 1st period - Snap shot by Rhett Rakhshani.
13:34 of 1st period - Stopped by Dustin Tokarski without a rebound.
13:35 of 1st period - Dana Tyrell wins face-off versus Curtis Lazar in Little Stars zone.
13:35 of 1st period - Dana Tyrell is hit by Petter Granberg.
13:46 of 1st period - Wrist shot by Scott Kosmachuck.
13:46 of 1st period - Shot Misses the Net.
13:50 of 1st period - Wrist shot by Scott Kosmachuck.
13:50 of 1st period - Deflect By Dana Tyrell.
13:50 of 1st period - Stopped by Joe Cannata without a rebound.
13:51 of 1st period - Michael Chaput wins face-off versus Evgeny Kuznetsov in IceHogs zone.
14:06 of 1st period - Wrist shot by Stefan Matteau.
14:06 of 1st period - Stopped by Dustin Tokarski with a rebound.
14:49 of 1st period - Wrist shot by Curtis Lazar.
14:49 of 1st period - Stopped by Dustin Tokarski with a rebound.
14:51 of 1st period - Minor Penalty to Sebastian Wannstrom for Interference.
14:52 of 1st period - Dana Tyrell wins face-off versus Michael Chaput in Little Stars zone.
15:01 of 1st period - Snap shot by Stefan Matteau.
15:01 of 1st period - Shot Misses the Net.
15:03 of 1st period - Wrist shot by Michael Chaput.
15:03 of 1st period - Shot Misses the Net.
15:45 of 1st period - Backhand shot by Scott Kosmachuck.
15:45 of 1st period - Shot Misses the Net.
15:48 of 1st period - Icing by Mike Reilly.
15:49 of 1st period - Tanner Richard wins face-off versus Evgeny Kuznetsov in IceHogs zone.
16:17 of 1st period - Snap shot by Martins Karsums.
16:17 of 1st period - Stopped by Dustin Tokarski without a rebound.
16:18 of 1st period - Evgeny Kuznetsov wins face-off versus Michael Chaput in Little Stars zone.
16:51 of 1st period - Penalty to Sebastian Wannstrom is over, Sebastian Wannstrom is back on ice.
17:09 of 1st period - Snap shot by Michael Mersch.
17:09 of 1st period - Stopped by Joe Cannata without a rebound.
17:10 of 1st period - Evgeny Kuznetsov wins face-off versus Michael Chaput in IceHogs zone.
18:00 of 1st period - Reece Willcox is hit by Oliver Bjorkstrand and loses puck.
18:23 of 1st period - Wrist shot by Evgeny Kuznetsov.
18:23 of 1st period - Deflect By Ilya Mikheyev.
18:23 of 1st period - Shot Blocked by Teemu Pulkkinen.
18:23 of 1st period - Puck is out of play.
18:24 of 1st period - Evgeny Kuznetsov wins face-off versus Mikhail Grigorenko in IceHogs zone.
19:17 of 1st period - Snap shot by Scott Kosmachuck.
19:17 of 1st period - Stopped by Joe Cannata without a rebound.
19:18 of 1st period - Michael Chaput wins face-off versus Dana Tyrell in IceHogs zone.
19:43 of 1st period - Craig Cunningham is hit by Eric Knodel and loses puck.
19:56 of 1st period - Snap shot by Joakim Nygard.
19:56 of 1st period - Shot Misses the Net.
Goals for this period are 1 for IceHogs vs 1 for Little Stars.
Shots for this period are 16 for IceHogs vs 13 for Little Stars.
2nd period
0:01 of 2nd period - Stefan Matteau wins face-off versus Dana Tyrell in neutral zone.
1:33 of 2nd period - Snap shot by Michael Mersch.
1:33 of 2nd period - Stopped by Joe Cannata with a rebound.
1:35 of 2nd period - Wrist shot by Roman Horak.
1:35 of 2nd period - Stopped by Joe Cannata with a rebound.
2:28 of 2nd period - Snap shot by Jesse Joensuu.
2:28 of 2nd period - Shot Misses the Net.
2:30 of 2nd period - Snap shot by Scott Kosmachuck.
2:30 of 2nd period - Deflect By Jesse Joensuu.
2:30 of 2nd period - Stopped by Joe Cannata without a rebound.
2:31 of 2nd period - Dana Tyrell wins face-off versus Michael Chaput in IceHogs zone.
2:34 of 2nd period - Wrist shot by Scott Kosmachuck.
2:34 of 2nd period - Shot Misses the Net.
2:36 of 2nd period - Snap shot by Jesse Joensuu.
2:36 of 2nd period - Shot Blocked by Patrick Sieloff.
2:38 of 2nd period - Backhand shot by Jesse Joensuu.
2:38 of 2nd period - Shot Blocked by Michael Chaput.
2:40 of 2nd period - Slapshot by Tyler Wotherspoon.
2:40 of 2nd period - Shot Misses the Net.
2:42 of 2nd period - Wrist shot by Dana Tyrell.
2:42 of 2nd period - Shot Blocked by Julius Honka.
2:52 of 2nd period - Snap shot by Dana Tyrell.
2:52 of 2nd period - Shot Blocked by Martins Karsums.
2:54 of 2nd period - Snap shot by Dana Tyrell.
2:54 of 2nd period - Shot Misses the Net.
3:14 of 2nd period - Snap shot by Dana Tyrell.
3:14 of 2nd period - Stopped by Joe Cannata without a rebound.
3:15 of 2nd period - Tanner Richard wins face-off versus Ilya Mikheyev in IceHogs zone.
3:15 of 2nd period - Tanner Richard is hit by Adam Tambellini.
3:30 of 2nd period - Icing by Ben Harpur.
3:31 of 2nd period - Daniel O'regan wins face-off versus Tanner Richard in IceHogs zone.
3:32 of 2nd period - Backhand shot by Joakim Nygard.
3:32 of 2nd period - Stopped by Joe Cannata without a rebound.
3:33 of 2nd period - Michael Chaput wins face-off versus Daniel O'regan in IceHogs zone.
3:39 of 2nd period - Minor Penalty to Stefan Matteau for Roughing.
3:40 of 2nd period - Scott Kosmachuck wins face-off versus Martins Karsums in IceHogs zone.
3:42 of 2nd period - Minor Penalty to Patrick Wiercioch for Hooking.
3:43 of 2nd period - Martins Karsums wins face-off versus Dana Tyrell in Little Stars zone.
4:38 of 2nd period - Eric Knodel is hit by Teemu Pulkkinen and loses puck.
5:05 of 2nd period - Adam Tambellini is hit by Mike Reilly and loses puck.
5:39 of 2nd period - Penalty to Stefan Matteau is over, Stefan Matteau is back on ice.
5:42 of 2nd period - Penalty to Patrick Wiercioch is over, Patrick Wiercioch is back on ice.
5:44 of 2nd period - Mikhail Grigorenko is hit by Tucker Poolman and loses puck.
5:49 of 2nd period - Snap shot by Joakim Nygard.
5:49 of 2nd period - Shot Blocked by Craig Cunningham.
5:58 of 2nd period - Off-side.
5:59 of 2nd period - Curtis Lazar wins face-off versus Evgeny Kuznetsov in neutral zone.
6:25 of 2nd period - Julius Honka is hit by Tyler Wotherspoon and loses puck.
6:32 of 2nd period - Joakim Nygard is hit by Stefan Matteau and loses puck.
6:39 of 2nd period - Stefan Matteau is hit by Tyler Wotherspoon and loses puck.
6:52 of 2nd period - Reece Willcox is hit by Teemu Pulkkinen.
7:46 of 2nd period - Minor Penalty to Tanner Richard for Holding.
7:47 of 2nd period - Dana Tyrell wins face-off versus Martins Karsums in IceHogs zone.
7:48 of 2nd period - Snap shot by Jesse Joensuu.
7:48 of 2nd period - Stopped by Joe Cannata without a rebound.
7:49 of 2nd period - Dana Tyrell wins face-off versus Stefan Matteau in IceHogs zone.
7:52 of 2nd period - Snap shot by Dana Tyrell.
7:52 of 2nd period - Shot Blocked by Petter Granberg.
7:54 of 2nd period - Snap shot by Dana Tyrell.
7:54 of 2nd period - Goal by Dana Tyrell - IceHogs : 1 - Little Stars : 2.
7:55 of 2nd period - Dana Tyrell wins face-off versus Michael Chaput in neutral zone.
7:58 of 2nd period - Ben Harpur is hit by Dana Tyrell and loses puck.
10:04 of 2nd period - Daniel O'regan is hit by Craig Cunningham and loses puck.
10:30 of 2nd period - Wrist shot by Curtis Lazar.
10:30 of 2nd period - Goal by Curtis Lazar - IceHogs : 2 - Little Stars : 2.
10:31 of 2nd period - Michael Chaput wins face-off versus Jesse Joensuu in neutral zone.
11:23 of 2nd period - Snap shot by Nick Mattson.
11:23 of 2nd period - Stopped by Dustin Tokarski without a rebound.
11:24 of 2nd period - Dana Tyrell wins face-off versus Michael Chaput in Little Stars zone.
11:24 of 2nd period - Dana Tyrell is hit by Michael Chaput.
11:38 of 2nd period - Slapshot by Michael Chaput.
11:38 of 2nd period - Stopped by Dustin Tokarski without a rebound.
11:39 of 2nd period - Tanner Richard wins face-off versus Evgeny Kuznetsov in Little Stars zone.
12:54 of 2nd period - Wrist shot by Roman Horak.
12:54 of 2nd period - Stopped by Joe Cannata without a rebound.
12:55 of 2nd period - Dana Tyrell wins face-off versus Michael Chaput in IceHogs zone.
13:14 of 2nd period - Jesse Joensuu is hit by Stefan Matteau and loses puck.
13:58 of 2nd period - Snap shot by Daniel O'regan.
13:58 of 2nd period - Deflect By Joakim Nygard.
13:58 of 2nd period - Stopped by Joe Cannata with a rebound.
14:00 of 2nd period - Snap shot by Daniel O'regan.
14:00 of 2nd period - Deflect By Joakim Nygard.
14:00 of 2nd period - Stopped by Joe Cannata without a rebound.
14:01 of 2nd period - Dana Tyrell wins face-off versus Martins Karsums in IceHogs zone.
14:06 of 2nd period - Snap shot by Jesse Joensuu.
14:06 of 2nd period - Deflect By Nick Mattson.
14:06 of 2nd period - Shot Misses the Net.
14:06 of 2nd period - Puck is out of play.
14:07 of 2nd period - Dana Tyrell wins face-off versus Michael Chaput in IceHogs zone.
14:37 of 2nd period - Wrist shot by Adam Tambellini.
14:37 of 2nd period - Shot Misses the Net.
15:01 of 2nd period - Snap shot by Daniel O'regan.
15:01 of 2nd period - Stopped by Joe Cannata without a rebound.
15:02 of 2nd period - Jesse Joensuu wins face-off versus Michael Chaput in IceHogs zone.
15:19 of 2nd period - Michael Chaput is hit by Jesse Joensuu and loses puck.
15:39 of 2nd period - Off-side.
15:40 of 2nd period - Tanner Richard wins face-off versus Roman Horak in neutral zone.
16:12 of 2nd period - Wrist shot by Nick Mattson.
16:12 of 2nd period - Shot Blocked by Tyler Wotherspoon.
16:14 of 2nd period - Snap shot by Nick Mattson.
16:14 of 2nd period - Shot Misses the Net.
16:16 of 2nd period - Slapshot by Nick Mattson.
16:16 of 2nd period - Stopped by Dustin Tokarski without a rebound.
16:17 of 2nd period - Michael Chaput wins face-off versus Evgeny Kuznetsov in Little Stars zone.
16:18 of 2nd period - Slapshot by Martins Karsums.
16:18 of 2nd period - Shot Misses the Net.
17:00 of 2nd period - Minor Penalty to Ben Harpur for Hooking.
17:01 of 2nd period - Martins Karsums wins face-off versus Dana Tyrell in IceHogs zone.
17:26 of 2nd period - Mike Reilly is hit by Ilya Mikheyev and loses puck.
19:00 of 2nd period - Penalty to Ben Harpur is over, Ben Harpur is back on ice.
19:15 of 2nd period - Snap shot by Stefan Matteau.
19:15 of 2nd period - Goal by Stefan Matteau - IceHogs : 3 - Little Stars : 2.
19:16 of 2nd period - Ilya Mikheyev wins face-off versus Tanner Richard in neutral zone.
19:23 of 2nd period - Slapshot by Tyler Wotherspoon.
19:23 of 2nd period - Shot Blocked by Petter Granberg.
19:25 of 2nd period - Snap shot by Patrick Wiercioch.
19:25 of 2nd period - Goal by Patrick Wiercioch - IceHogs : 3 - Little Stars : 3.
19:26 of 2nd period - Dana Tyrell wins face-off versus Michael Chaput in neutral zone.
19:29 of 2nd period - Wrist shot by Scott Kosmachuck.
19:29 of 2nd period - Stopped by Joe Cannata with a rebound.
19:44 of 2nd period - Minor Penalty to Dana Tyrell for Interference.
19:45 of 2nd period - Michael Chaput wins face-off versus Daniel O'regan in Little Stars zone.
Goals for this period are 2 for IceHogs vs 2 for Little Stars.
Shots for this period are 5 for IceHogs vs 13 for Little Stars.
3rd period
0:01 of 3rd period - Michael Chaput wins face-off versus Daniel O'regan in neutral zone.
0:04 of 3rd period - Slapshot by Petter Granberg.
0:04 of 3rd period - Stopped by Dustin Tokarski with a rebound.
0:06 of 3rd period - Slapshot by Ben Harpur.
0:06 of 3rd period - Stopped by Dustin Tokarski without a rebound.
0:07 of 3rd period - Michael Chaput wins face-off versus Daniel O'regan in Little Stars zone.
0:12 of 3rd period - Snap shot by Martins Karsums.
0:12 of 3rd period - Shot Misses the Net.
0:23 of 3rd period - Snap shot by Martins Karsums.
0:23 of 3rd period - Stopped by Dustin Tokarski with a rebound.
0:43 of 3rd period - Snap shot by Craig Cunningham.
0:43 of 3rd period - Shot Misses the Net.
1:44 of 3rd period - Penalty to Dana Tyrell is over, Dana Tyrell is back on ice.
1:55 of 3rd period - Off-side.
1:56 of 3rd period - Evgeny Kuznetsov wins face-off versus Mikhail Grigorenko in neutral zone.
2:01 of 3rd period - Wrist shot by Adam Tambellini.
2:01 of 3rd period - Stopped by Joe Cannata without a rebound.
2:02 of 3rd period - Evgeny Kuznetsov wins face-off versus Tanner Richard in IceHogs zone.
2:23 of 3rd period - Minor Penalty to Patrick Sieloff for High sticking.
2:24 of 3rd period - Dana Tyrell wins face-off versus Martins Karsums in IceHogs zone.
3:00 of 3rd period - Slapshot by Michael Chaput.
3:00 of 3rd period - Stopped by Dustin Tokarski with a rebound.
4:03 of 3rd period - Wrist shot by Scott Kosmachuck.
4:03 of 3rd period - Stopped by Joe Cannata without a rebound.
4:04 of 3rd period - Mikhail Grigorenko wins face-off versus Dana Tyrell in IceHogs zone.
4:23 of 3rd period - Penalty to Patrick Sieloff is over, Patrick Sieloff is back on ice.
4:35 of 3rd period - Slapshot by Nick Mattson.
4:35 of 3rd period - Shot Blocked by Eric Knodel.
4:56 of 3rd period - Slapshot by Rhett Rakhshani.
4:56 of 3rd period - Shot Misses the Net.
5:12 of 3rd period - Snap shot by Craig Cunningham.
5:12 of 3rd period - Shot Misses the Net.
5:36 of 3rd period - Slapshot by Ben Harpur.
5:36 of 3rd period - Stopped by Dustin Tokarski without a rebound.
5:37 of 3rd period - Curtis Lazar wins face-off versus Evgeny Kuznetsov in Little Stars zone.
5:38 of 3rd period - Wrist shot by Mattias Janmark.
5:38 of 3rd period - Shot Misses the Net.
5:40 of 3rd period - Slapshot by Petter Granberg.
5:40 of 3rd period - Deflect By Tyler Wotherspoon.
5:40 of 3rd period - Stopped by Dustin Tokarski without a rebound.
5:40 of 3rd period - Minor Penalty to Dustin Tokarski for Slashing.
5:41 of 3rd period - Dana Tyrell wins face-off versus Michael Chaput in Little Stars zone.
6:06 of 3rd period - Jesse Joensuu is hit by Oliver Bjorkstrand.
6:10 of 3rd period - Petter Granberg is hit by Dana Tyrell and loses puck.
6:19 of 3rd period - Slapshot by Jesse Joensuu.
6:19 of 3rd period - Shot Blocked by Petter Granberg.
6:21 of 3rd period - Minor Penalty to Petter Granberg for Roughing.
6:22 of 3rd period - Martins Karsums wins face-off versus Jesse Joensuu in IceHogs zone.
6:35 of 3rd period - Tyler Wotherspoon is hit by Stefan Matteau and loses puck.
6:48 of 3rd period - Ben Harpur is hit by Scott Kosmachuck and loses puck.
7:07 of 3rd period - Slapshot by Michael Chaput.
7:07 of 3rd period - Shot Blocked by Tyler Wotherspoon.
7:11 of 3rd period - Snap shot by Craig Cunningham.
7:11 of 3rd period - Shot Misses the Net.
7:40 of 3rd period - Penalty to Ilya Mikheyev is over, Ilya Mikheyev is back on ice.
8:07 of 3rd period - Dana Tyrell is hit by Mikhail Grigorenko and loses puck.
8:21 of 3rd period - Penalty to Petter Granberg is over, Petter Granberg is back on ice.
8:52 of 3rd period - Slapshot by Patrick Sieloff.
8:52 of 3rd period - Stopped by Dustin Tokarski without a rebound.
8:53 of 3rd period - Mikhail Grigorenko wins face-off versus Roman Horak in Little Stars zone.
9:28 of 3rd period - Snap shot by Craig Cunningham.
9:28 of 3rd period - Deflect By Oliver Bjorkstrand.
9:28 of 3rd period - Stopped by Dustin Tokarski with a rebound.
9:30 of 3rd period - Snap shot by Oliver Bjorkstrand.
9:30 of 3rd period - Stopped by Dustin Tokarski with a rebound.
10:10 of 3rd period - Icing by Adam Tambellini.
10:11 of 3rd period - Tanner Richard wins face-off versus Evgeny Kuznetsov in Little Stars zone.
10:14 of 3rd period - Wrist shot by Oliver Bjorkstrand.
10:14 of 3rd period - Stopped by Dustin Tokarski with a rebound.
10:16 of 3rd period - Snap shot by Oliver Bjorkstrand.
10:16 of 3rd period - Shot Blocked by Evgeny Kuznetsov.
10:18 of 3rd period - Snap shot by Tanner Richard.
10:18 of 3rd period - Stopped by Dustin Tokarski with a rebound.
10:20 of 3rd period - Slapshot by Julius Honka.
10:20 of 3rd period - Shot Misses the Net.
10:22 of 3rd period - Wrist shot by Craig Cunningham.
10:22 of 3rd period - Shot Misses the Net.
10:24 of 3rd period - Wrist shot by Julius Honka.
10:24 of 3rd period - Shot Misses the Net.
10:26 of 3rd period - Snap shot by Oliver Bjorkstrand.
10:26 of 3rd period - Shot Misses the Net.
10:59 of 3rd period - Snap shot by Sam Reinhart.
10:59 of 3rd period - Stopped by Dustin Tokarski without a rebound.
11:00 of 3rd period - Sam Reinhart wins face-off versus Daniel O'regan in Little Stars zone.
11:25 of 3rd period - Mattias Janmark is hit by Sebastian Wannstrom and loses puck.
12:13 of 3rd period - Snap shot by Ben Harpur.
12:13 of 3rd period - Shot Blocked by Eric Knodel.
12:32 of 3rd period - Off-side.
12:33 of 3rd period - Dana Tyrell wins face-off versus Michael Chaput in neutral zone.
12:36 of 3rd period - Wrist shot by Patrick Wiercioch.
12:36 of 3rd period - Stopped by Joe Cannata with a rebound.
12:38 of 3rd period - Wrist shot by Jesse Joensuu.
12:38 of 3rd period - Stopped by Joe Cannata with a rebound.
13:19 of 3rd period - Snap shot by Teemu Pulkkinen.
13:19 of 3rd period - Shot Misses the Net.
13:25 of 3rd period - Mikhail Grigorenko is hit by Tucker Poolman and loses puck.
13:54 of 3rd period - Craig Cunningham is hit by Evgeny Kuznetsov and loses puck.
14:13 of 3rd period - Zach Budish is hit by Rhett Rakhshani.
14:19 of 3rd period - Teemu Pulkkinen is hit by Michael Mersch and loses puck.
14:57 of 3rd period - Patrick Wiercioch is hit by Petter Granberg and loses puck.
15:37 of 3rd period - Stefan Matteau is hit by Adam Tambellini and loses puck.
16:02 of 3rd period - Wrist shot by Teemu Pulkkinen.
16:02 of 3rd period - Deflect By Rhett Rakhshani.
16:02 of 3rd period - Stopped by Dustin Tokarski without a rebound.
16:03 of 3rd period - Daniel O'regan wins face-off versus Curtis Lazar in Little Stars zone.
16:18 of 3rd period - Snap shot by Mattias Janmark.
16:18 of 3rd period - Stopped by Dustin Tokarski with a rebound.
16:33 of 3rd period - Snap shot by Scott Kosmachuck.
16:33 of 3rd period - Stopped by Joe Cannata with a rebound.
16:35 of 3rd period - Slapshot by Reece Willcox.
16:35 of 3rd period - Shot Misses the Net.
16:37 of 3rd period - Snap shot by Reece Willcox.
16:37 of 3rd period - Shot Misses the Net.
16:55 of 3rd period - Petter Granberg is hit by Roman Horak and loses puck.
17:05 of 3rd period - Icing by Michael Chaput.
17:06 of 3rd period - Evgeny Kuznetsov wins face-off versus Michael Chaput in IceHogs zone.
17:13 of 3rd period - Snap shot by Jesse Joensuu.
17:13 of 3rd period - Stopped by Joe Cannata with a rebound.
18:20 of 3rd period - Snap shot by Scott Kosmachuck.
18:20 of 3rd period - Shot Blocked by Ben Harpur.
18:33 of 3rd period - Snap shot by Scott Kosmachuck.
18:33 of 3rd period - Stopped by Joe Cannata without a rebound.
18:34 of 3rd period - Daniel O'regan wins face-off versus Mikhail Grigorenko in IceHogs zone.
18:41 of 3rd period - Snap shot by Teemu Pulkkinen.
18:41 of 3rd period - Shot Blocked by Sebastian Wannstrom.
18:43 of 3rd period - Slapshot by Mike Reilly.
18:43 of 3rd period - Stopped by Dustin Tokarski without a rebound.
18:44 of 3rd period - Mikhail Grigorenko wins face-off versus Daniel O'regan in Little Stars zone.
18:53 of 3rd period - Snap shot by Mikhail Grigorenko.
18:53 of 3rd period - Shot Blocked by Joakim Nygard.
18:55 of 3rd period - Slapshot by Mike Reilly.
18:55 of 3rd period - Shot Blocked by Tyler Wotherspoon.
18:57 of 3rd period - Snap shot by Teemu Pulkkinen.
18:57 of 3rd period - Shot Blocked by Daniel O'regan.
18:59 of 3rd period - Slapshot by Nick Mattson.
18:59 of 3rd period - Stopped by Dustin Tokarski with a rebound.
19:01 of 3rd period - Snap shot by Mikhail Grigorenko.
19:01 of 3rd period - Stopped by Dustin Tokarski with a rebound.
19:09 of 3rd period - Snap shot by Rhett Rakhshani.
19:09 of 3rd period - Stopped by Dustin Tokarski without a rebound.
19:10 of 3rd period - Teemu Pulkkinen wins face-off versus Dana Tyrell in Little Stars zone.
19:38 of 3rd period - Ilya Mikheyev is hit by Nick Mattson and loses puck.
Goals for this period are 0 for IceHogs vs 0 for Little Stars.
Shots for this period are 18 for IceHogs vs 7 for Little Stars.
Overtime #1
0:01 of 1st overtime period - Dana Tyrell wins face-off versus Martins Karsums in neutral zone.
0:08 of 1st overtime period - Wrist shot by Dana Tyrell.
0:08 of 1st overtime period - Stopped by Joe Cannata without a rebound.
0:09 of 1st overtime period - Dana Tyrell wins face-off versus Martins Karsums in IceHogs zone.
0:20 of 1st overtime period - Wrist shot by Stefan Matteau.
0:20 of 1st overtime period - Shot Blocked by Patrick Wiercioch.
0:22 of 1st overtime period - Backhand shot by Ben Harpur.
0:22 of 1st overtime period - Shot Blocked by Tyler Wotherspoon.
0:24 of 1st overtime period - Slapshot by Ben Harpur.
0:24 of 1st overtime period - Shot Blocked by Patrick Wiercioch.
0:26 of 1st overtime period - Snap shot by Martins Karsums.
0:26 of 1st overtime period - Shot Misses the Net.
0:28 of 1st overtime period - Slapshot by Petter Granberg.
0:28 of 1st overtime period - Shot Misses the Net.
0:30 of 1st overtime period - Wrist shot by Stefan Matteau.
0:30 of 1st overtime period - Stopped by Dustin Tokarski without a rebound.
0:31 of 1st overtime period - Dana Tyrell wins face-off versus Martins Karsums in Little Stars zone.
1:03 of 1st overtime period - Petter Granberg is hit by Anton Cederholm and loses puck.
1:09 of 1st overtime period - Icing by Craig Cunningham.
1:10 of 1st overtime period - Dana Tyrell wins face-off versus Michael Chaput in IceHogs zone.
1:33 of 1st overtime period - Craig Cunningham is hit by Jesse Joensuu and loses puck.
1:52 of 1st overtime period - Wrist shot by Evgeny Kuznetsov.
1:52 of 1st overtime period - Stopped by Joe Cannata without a rebound.
1:53 of 1st overtime period - Evgeny Kuznetsov wins face-off versus Michael Chaput in IceHogs zone.
1:58 of 1st overtime period - Snap shot by Adam Tambellini.
1:58 of 1st overtime period - Shot Blocked by Ben Harpur.
2:00 of 1st overtime period - Wrist shot by Tyler Wotherspoon.
2:00 of 1st overtime period - Stopped by Joe Cannata without a rebound.
2:01 of 1st overtime period - Dana Tyrell wins face-off versus Martins Karsums in IceHogs zone.
2:02 of 1st overtime period - Slapshot by Jesse Joensuu.
2:02 of 1st overtime period - Shot Misses the Net.
2:36 of 1st overtime period - Wrist shot by Michael Chaput.
2:36 of 1st overtime period - Deflect By Scott Kosmachuck.
2:36 of 1st overtime period - Shot Blocked by Anton Cederholm.
2:36 of 1st overtime period - Puck is out of play.
2:37 of 1st overtime period - Michael Chaput wins face-off versus Evgeny Kuznetsov in Little Stars zone.
2:40 of 1st overtime period - Wrist shot by Craig Cunningham.
2:40 of 1st overtime period - Stopped by Dustin Tokarski with a rebound.
2:50 of 1st overtime period - Wrist shot by Evgeny Kuznetsov.
2:50 of 1st overtime period - Stopped by Joe Cannata with a rebound.
3:02 of 1st overtime period - Jesse Joensuu is hit by Nick Mattson and loses puck.
4:27 of 1st overtime period - Mike Reilly is hit by Evgeny Kuznetsov and loses puck.
4:48 of 1st overtime period - Eric Knodel is hit by Nick Mattson and loses puck.
Goals for this period are 0 for IceHogs vs 0 for Little Stars.
Shots for this period are 2 for IceHogs vs 4 for Little Stars.
ShootOut
5:00 of 1st overtime period - Round #1.
5:00 of 1st overtime period - IceHogs, Martins Karsums.
5:00 of 1st overtime period - Snap shot by Martins Karsums.
5:00 of 1st overtime period - Goal by Martins Karsums.
5:00 of 1st overtime period - Little Stars, Dana Tyrell.
5:00 of 1st overtime period - Wrist shot by Dana Tyrell.
5:00 of 1st overtime period - Shot Misses the Net.
5:00 of 1st overtime period - Round #2.
5:00 of 1st overtime period - IceHogs, Stefan Matteau.
5:00 of 1st overtime period - Snap shot by Stefan Matteau.
5:00 of 1st overtime period - Shot Misses the Net.
5:00 of 1st overtime period - Little Stars, Evgeny Kuznetsov.
5:00 of 1st overtime period - Snap shot by Evgeny Kuznetsov.
5:00 of 1st overtime period - Shot Misses the Net.
5:00 of 1st overtime period - Round #3.
5:00 of 1st overtime period - IceHogs, Michael Chaput.
5:00 of 1st overtime period - Snap shot by Michael Chaput.
5:00 of 1st overtime period - Goal by Michael Chaput.